 Seeded DCSS version 0.29.1-15-g9cfb28693d (webtiles) character file.

Game seed: 11720881743998061799 (custom seed)

3 Mickster the Chopper (level 1, 0/20 HPs)
             Began as a Hill Orc Berserker on Feb 27, 2023.
             Was a Follower of Trog.
             Slain by a bat (1 damage)
             ... on level 1 of the Dungeon.
             The game lasted 00:01:27 (68 turns).

Mickster the Chopper (Hill Orc Berserker)             Turns: 68, Time: 00:01:27

Health: 0/20       AC: 12    Str: 19    XL:     1   Next: 50%
Magic:  1/1        EV: 11    Int:  7    God:    Trog [*.....]
Gold:   0          SH:  0    Dex: 10    Spells: 0/0 levels left

rFire   . . .      SeeInvis .   e - +1 dagger (protect)
rCold   . . .      Faith    .   (no shield)
rNeg    . . .      Spirit   .   c - +0 ring mail
rPois   .          Reflect  .   (no helmet)
rElec   .          Harm     .   (no cloak)
rCorr   .          Rampage  .   (no gloves)
Will    .....                   (no boots)
Stlth   ..........              (no amulet)
HPRegen 0.06/turn               (no ring)
MPRegen 0.07/turn               (no ring)

@: under a protective aura
A: no striking features
a: Renounce Religion, Berserk


You were on level 1 of the Dungeon.
You worshipped Trog.
Trog was aware of your devotion.
You visited 1 branch of the dungeon, and saw 1 of its levels.

Inventory:

Hand Weapons
 a - a +0 hand axe
 e - a +1 dagger of protection (weapon)
Missiles
 d - 5 stones (quivered)
Armour
 b - a +0 animal skin
 c - a +0 ring mail (worn)


   Skills:
 + Level 3.7 Fighting
 + Level 4.1 Axes
 + Level 2.2 Armour
 + Level 1.6 Dodging


You couldn't memorise any spells.
You didn't know any spells.
Your spell library was empty.

Dungeon Overview and Level Annotations

Branches:
Dungeon (1/15)

Altars:


Message History

Your weapon exudes an aura of protection.
The bat completely misses you. The bat closely misses you.
The kobold hits you with a +0 club.
You closely miss the kobold. The bat hits you but does no damage.
The kobold hits you but does no damage.
You closely miss the kobold. The bat hits you but does no damage.
The kobold barely misses you.
You closely miss the kobold. The bat hits you but does no damage.
The kobold barely misses you.
You closely miss the kobold. The bat misses you.
The kobold hits you with a +0 club.
You closely miss the kobold. The bat hits you.
* * * LOW HITPOINT WARNING * * *
The kobold closely misses you.
You hit the kobold.
Your weapon exudes an aura of protection.
The kobold is severely wounded.
The bat hits you but does no damage. The kobold hits you but does no damage.
You closely miss the kobold.
The kobold is severely wounded.
The bat barely misses you. The kobold barely misses you.
You barely miss the kobold.
The kobold is severely wounded.
The bat closely misses you. The kobold closely misses you.
You closely miss the kobold.
The kobold is severely wounded.
The bat completely misses you. The kobold hits you with a +0 club.
* * * LOW HITPOINT WARNING * * *
You closely miss the kobold.
The kobold is severely wounded.
The bat closely misses you. The kobold closely misses you.
You hit the kobold but do no damage.
Your weapon exudes an aura of protection.
The kobold is severely wounded.
The bat hits you but does no damage. The kobold hits you with a +0 club.
* * * LOW HITPOINT WARNING * * *
You closely miss the kobold.
The kobold is severely wounded.
The bat hits you.
You die...

#..|.......
###..........
####............
###...............
≈~~............$....!
≈~~.........8......#
≈~.~..........8.K#
≈≈.~..........†b@#
≈~~~~...........##
≈~.~~...........#
≈~~~.....8......#
≈≈≈.~~~<.......##
≈≈~≈...~.......#
≈≈≈~~..~~......##
≈≈≈≈≈≈~~.~....8.#
≈≈≈≈≈~~~~..~~~~~#


You could see a bat and a kobold.

Vanquished Creatures
  An endoplasm (D:1)
  A goblin (D:1)
  A rat (D:1)
3 creatures vanquished.

Notes
Turn   | Place    | Note
-------+----------+-------------------------------------------
     0 | D:1      | Mickster the Hill Orc Berserker began the quest for the
                  | Orb.
     0 | D:1      | Reached XP level 1. HP: 19/19 MP: 1/1
    67 | D:1      | HP: 1/20 [kobold/+0 club (4)]
    68 | D:1      | Slain by a bat

Illustrated notes

Levels and vault maps discovered:
D:1:      nicolae_arrival_washed_ashore, layout_rooms,
          ebering_ecumenical_altar_webs, minmay_misc_feat_ornament, st_stairs_2

Action                   || total
-------------------------++-------
Melee: Dagger            ||    13
       Hand axe          ||    11
Armor: Ring mail         ||    16
Dodge: Dodged            ||    21
